 Dungeon Crawl Stone Soup version 0.30.1-11-g7821555f0a (webtiles) character file.

Game seed: 6976023844851775203

102 Peloso the Shield-Bearer (level 4, -4/40 HPs)
             Began as a Minotaur Fighter on Dec 14, 2023.
             Killed by nerve-wracking pain
             ... invoked by an orc priest
              (10 damage)
             ... on level 3 of the Dungeon.
             The game lasted 00:02:56 (1398 turns).

Peloso the Shield-Bearer (Minotaur Fighter)         Turns: 1398, Time: 00:02:57

Health: -4/40      AC:  7    Str: 20 (21) XL:     4   Next: 50%
Magic:  3/3        EV:  9    Int:  3 (5)  God:
Gold:   8          SH:  4    Dex: 10 (11) Spells: 3/3 levels left

rFire   . . .        a - +0 long sword
rCold   . . .        c - +0 buckler
rNeg    . . .        b - +0 scale mail
rPois   .            (helmet restricted)
rElec   .            (no cloak)
rCorr   .            (no gloves)
SInv    .            (no boots)
Will    .....        (no amulet) Stlth
                     (no ring)
HPRegen 0.26/turn    (no ring)
MPRegen 0.08/turn

%: no passive effects
@: no status effects
A: horns 2, retaliatory headbutt
a: no special abilities


You were on level 3 of the Dungeon.
You visited 1 branch of the dungeon, and saw 3 of its levels.

You collected 172 gold pieces.
You spent 164 gold pieces at shops.

Inventory:

Hand Weapons
 a - a +0 long sword (weapon)
Armour
 b - a +0 scale mail (worn)
 c - a +0 buckler (worn)
Wands
 j - a wand of mindburst (12)
Scrolls
 e - a scroll of amnesia {unknown}
 f - a scroll of magic mapping
 g - a scroll of blinking
 h - a scroll of teleportation {unknown}
 i - a scroll of fog {unknown}
Potions
 d - 2 potions of might
 k - a potion of resistance


   Skills:
 + Level 4.1 Fighting
 + Level 3.7 Long Blades
 + Level 4.4 Armour
 + Level 0.9 Dodging
 + Level 0.1 Stealth
 + Level 4.5 Shields


You had 3 spell levels left.
You didn't know any spells.
Your spell library contained the following spells:

 Spells                   Type           Power      Damage    Failure   Level
 Summon Lightning Spire   Summ/Air       0%         N/A       100%        4
 Storm Form               Tmut/Air       0%         N/A       100%        7
 Maxwell's Capacitive Co  Air            0%         ∞         100%        8


Dungeon Overview and Level Annotations

Branches:
Dungeon (3/15)

Altars:
Vehumet

Shops:
D:3 ?


Innate Abilities, Weirdness & Mutations

You have a pair of horns on your head.
You reflexively headbutt those who attack you in melee.


Message History

You block the hobgoblin's attack.
You hit the hobgoblin but do no damage.
The hobgoblin is severely wounded.
The hobgoblin hits you but does no damage.
The hobgoblin barely misses you. You furiously retaliate!
You headbutt the hobgoblin!
You kill the hobgoblin!
You barely miss the orc. You headbutt the orc.
The orc is heavily wounded.
The orc barely misses you.
You barely miss the orc.
The orc is heavily wounded.
The orc hits you with a +0 dagger.
You completely miss the orc. You headbutt the orc.
You kill the orc!
You slash the orc!
You kill the orc!
You slash the goblin!
You kill the goblin!
An orc comes into view. It is wielding a +0 club.
You hit the orc priest.
The orc priest is moderately wounded.
The orc priest hits you but does no damage.
You hit the orc priest but do no damage.
Your headbutt misses the orc priest.
The orc priest is moderately wounded.
The orc priest hits you with a +0 short sword.
You slash the orc priest!
The orc priest is severely wounded.
The orc priest barely misses you.
You hit the orc priest but do no damage.
The orc priest is severely wounded.
The orc priest invokes the aid of Beogh against you.
Pain shoots through your body!
* * * LOW HITPOINT WARNING * * *
You hit the orc priest.
The orc priest is almost dead.
The orc priest mumbles some strange prayers to Beogh against you.
Pain shoots through your body!
You die...

...... .)... g..o ...
#.#.# o. #.#.# .. #.
##.#.#
⌠..###.#####..#.##
.≈.!....oo@......####
........######.#....#
#####.....∩....<.#
#.###........# #.#
#........# #.#
#........#
#######.###†..........
..........)........###
.........<#........#


You could see an orc priest and an orc.

Vanquished Creatures
  Jessica (D:3)
  2 adders (D:2)
  5 dart slugs
  4 orcs (D:3)
  6 endoplasms
  A giant cockroach (D:1)
  5 goblins
  6 hobgoblins
  A jackal (D:1)
  A kobold (D:2)
  2 ball pythons (D:1)
  5 bats
  2 frilled lizards
  5 rats
46 creatures vanquished.

Notes
Turn   | Place    | Note
-------+----------+-------------------------------------------
     0 | D:1      | Peloso the Minotaur Fighter began the quest for the Orb.
     0 | D:1      | Reached XP level 1. HP: 19/19 MP: 0/0
    75 | D:1      | Reached XP level 2. HP: 20/27 MP: 1/1
   454 | D:1      | Reached XP level 3. HP: 30/33 MP: 2/2
  1057 | D:2      | Found a faded altar of an unknown god.
  1086 | D:2      | Found a radiant altar of Vehumet.
  1215 | D:3      | Found Intessus's Magic Scroll Boutique.
  1215 | D:3      | Noticed Jessica
  1231 | D:3      | Killed Jessica
  1232 | D:3      | Reached XP level 4. HP: 12/40 MP: 3/3
  1343 | D:3      | Bought a scroll of magic mapping for 82 gold pieces
  1360 | D:3      | Bought a scroll of blinking for 82 gold pieces
  1398 | D:3      | Killed from afar by an orc priest

Illustrated notes

Levels and vault maps discovered:
D:1:      dpeg_arrival_brainrot, layout_rooms, minivault_27, dk_noncrumbling_4
D:2:      layout_rooms, dreamdust_ecumenical_altar_sealed_demon, basic_altar,
          minmay_pentomino_v4
D:3:      layout_rooms, mainiacjoe_overflow_alcove_4, serial_shops, shop, shop,
          nicolae_shop_just_a_little_nook, shop, shop, hangedman_feature_mirror,
          uniq_jessica

Skill      XL: |  1  2  3 |
---------------+----------+-----
Armour         | 4 |  4.4
Shields        | 4 |  4.5
Fighting       | 4 |  4.1
Long Blades    | 3 |  3.7
Dodging        | |  0.9
Stealth        | |  0.1

Action                     |  1- 3 |  4- 6 || total
---------------------------+-------+-------++-------
  Melee: Long sword        |    74 |    26 ||   100
         Headbutt          |    11 |     3 ||    14
    Use: Potion            |     5 |       ||     5
         Scroll            |     2 |       ||     2
 Armour: Scale mail        |    54 |     5 ||    59
  Dodge: Dodged            |    36 |     5 ||    41
  Block: Buckler           |    17 |     5 ||    22
